AoeStats
← [LMHI] ratkid463

Arena

510011166Analyzed
1v1 RM · 5d ago on Sep 29, 2026· 50m 8s· 2 players
Game mode
Random Map
Map size
Tiny (2 player)
Population
200
Speed
Normal
Resources
Standard
Victory
Conquest
Starting age
Dark Age
Ending age
Imperial Age
RankedLock teamsTeams togetherTeam positionsShared explorationLock speedFull tech treeHidden civsTurbo modeCheats
Victory
Defeat
🇫🇷 Franks · France
895
+16
🇨🇴 Mongols · Colombia
891
-16
[LMHI] ratkid463
9:39 Feudal Age
14:14 Castle Age
12:35 Double-Bit Axe
12:47 Horse Collar
13:39 Loom
16:47 Bow Saw
19:14 Fletching
20:18 Heavy Plow
22:45 Bloodlines
23:01 Gold Mining
24:32 Pikeman
26:16 Scale Barding Armor
29:01 Forging
30:02 Wheelbarrow
35:00 Imperial Age
35:08 Imperial Age
33:04 Padded Archer Armor
35:07 Hand Cart
35:38 Iron Casting
36:23 Fortified Wall
36:37 Ballistics
36:29 Murder Holes
36:54 Leather Archer Armor
36:41 Scale Mail Armor
37:09 Husbandry
37:53 Gold Shaft Mining
37:23 Bodkin Arrow
37:36 Town Watch
38:30 Conscription
38:26 Heavy Camel Rider
39:13 Light Cavalry
40:26 Chain Mail Armor
40:31 Chain Barding Armor
44:09 Blast Furnace
43:10 Bracer
43:17 Crossbowman
44:03 Thumb Ring
46:40 Chemistry
47:50 Plate Mail Armor
47:04 Arbalester
Rollertoto
3:19 Loom
10:51 Feudal Age
12:38 Double-Bit Axe
17:20 Castle Age
15:42 Gold Mining
16:16 Scale Barding Armor
18:46 Forging
21:37 Wheelbarrow
21:11 Stone Mining
22:05 Scale Mail Armor
25:16 Husbandry
27:45 Bow Saw
29:48 Chain Barding Armor
30:05 Iron Casting
33:19 Imperial Age
33:29 Gold Shaft Mining
33:54 Hand Cart
34:03 Cavalier
34:38 Town Watch
35:50 Town Patrol
36:42 Plate Barding Armor
37:09 Blast Furnace
35:39 Elite Throwing Axeman
37:17 Paladin
40:38 Murder Holes
41:04 Ballistics
41:45 Chemistry
Connection lost

Rejoining the realm…

Still unreachable

The connection could not be restored.

Session expired

The server has moved on; the page needs a fresh start.